[Event "World Junior U20 Girls 2018"]
[Site "Gebze"]
[Date "2018.09.13"]
[Round "9"]
[White "De Silva, Tenara"]
[Black "Celik, Eda"]
[Result "1/2-1/2"]
[ECO "A25"]
[WhiteElo "1764"]
[BlackElo "1970"]
[Annotator "NA"]
[PlyCount "111"]
[EventDate "2018.09.05"]
[EventType "swiss"]
[EventCountry "TUR"]
[SourceTitle "playchess.com"]
[Source "ChessBase"]
[SourceQuality "1"]
[TimeControl "40/5400+30:1800+30"]

1. c4 e5 2. Nc3 Nc6 3. g3 Bc5 4. Bg2 d6 5. e3 a6 {[%emt 0:00:00] A25: English Opening vs King's Indian with ...Nc6 but without early d3} 6. Nge2 (6. Nf3 Nf6 7. O-O O-O 8. h3 Ba7 9. d4 h6 10. dxe5 dxe5 11. Qxd8 Rxd8 12. b3 Be6 13. Ba3 Rd7 14. Rfd1 Rad8 15. Rxd7 Rxd7 {½-½ (41) Howell,D (2676)-Ponomariov,R (2694) Riadh 2017}) 6... Ba7 7. a3 Nf6 8. b4 O-O 9. O-O Re8 10. Bb2 e4 (10... Ne7 $11 {keeps the balance.}) 11. Qc2 Bf5 12. Nf4 $146 ({Predecessor:} 12. h3 Qd7 13. Kh2 Bg6 14. Nf4 Qf5 15. g4 Qg5 {1-0 (31) Soltes,M (1649)-Ujhelyi,M (1498) Bratislava 2005}) 12... Ne5 13. Ncd5 Nxd5 14. cxd5 g5 15. Ne2 Qd7 16. Qc3 f6 ({Black should play} 16... Bg4 $15 17. Rfe1 Qb5) 17. f4 exf3 18. Bxf3 Rf8 19. Nd4 Bxd4 20. Qxd4 Rae8 21. e4 $15 (21. Rac1 $11) 21... Nxf3+ 22. Rxf3 Rxe4 23. Qf2 Bh3 24. Rxf6 Rfe8 25. d3 Re2 26. Rf8+ Rxf8 27. Qxe2 Qf7 28. Re1 Qxd5 29. g4 Rf4 30. Qe8+ Rf8 31. Qe2 Rf4 32. Qe8+ Rf8 33. Qe2 Qf7 34. Bc1 Bxg4 35. Qg2 Qf3 36. Bxg5 Qxg2+ 37. Kxg2 Rf7 38. Re7 Rxe7 39. Bxe7 Be2 40. d4 Kf7 41. Bd8 c6 42. Kf2 Bd3 43. Ke3 Bb1 44. Kd2 Ke6 45. Kc3 Kd5 46. a4 b5 47. axb5 axb5 48. Bg5 h5 49. h4 c5 50. dxc5 dxc5 51. bxc5 Kxc5 52. Kb2 Be4 53. Be7+ Kc4 54. Bf6 b4 55. Be7 Bf5 56. Bf6 1/2-1/2

[Event "World Junior U20 Girls 2018"]
[Site "Gebze"]
[Date "2018.09.13"]
[Round "9"]
[White "Huttl, Sofie"]
[Black "Heydarova, Aytaj"]
[Result "0-1"]
[ECO "B77"]
[WhiteElo "1727"]
[BlackElo "1948"]
[Annotator "NA"]
[PlyCount "84"]
[EventDate "2018.09.05"]
[EventType "swiss"]
[EventCountry "TUR"]
[SourceTitle "playchess.com"]
[Source "ChessBase"]
[SourceQuality "1"]
[TimeControl "40/5400+30:1800+30"]

1. e4 c5 2. Nf3 d6 3. d4 cxd4 4. Nxd4 Nf6 5. Nc3 g6 6. Be3 Bg7 7. f3 Nc6 $14 {[%emt 0:00:00] LiveBook: 3794 Games} 8. Qd2 O-O 9. Bc4 a6 10. O-O-O Nxd4 11. Bxd4 Be6 {[%emt 0:00:30] B77: Sicilian Dragon: Yugoslav Attack, 9 Bc4 sidelines} (11... b5 12. Bb3 Bb7 13. h4 a5 14. Nxb5 a4 15. Bc4 Ba6 16. Na3 Qc8 17. Bxa6 Rxa6 18. g4 Rc6 19. g5 Nh5 20. Bxg7 Nxg7 {1-0 (49) Blaskowski,J (2287)-Schuette,M (2267) Bayern 2009}) 12. Bxe6 fxe6 13. h4 Qa5 14. Kb1 Rac8 15. g4 Rc4 16. Qe3 Rb4 $146 ({Predecessor:} 16... Rfc8 17. Rd3 Rxd4 18. Rxd4 Nd7 19. h5 Bxd4 20. Qxd4 Qc5 21. Qd1 g5 {1-0 (71) Ponjican,E-Wutzlhofer,R (2134) Austria 2002}) 17. Ne2 Qc7 18. h5 Rc8 19. Bc3 Nxg4 20. fxg4 Bxc3 21. Nxc3 Qxc3 22. Qxc3 Rxc3 23. hxg6 hxg6 24. Rh6 Kg7 25. Rdh1 Rg3 26. Rh7+ Kf6 27. Rf1+ Ke5 28. Rxe7 Rxg4 29. a3 Rb5 30. Rff7 Rxe4 31. Rg7 Rg4 32. Re8 Kf6 33. Rd7 d5 34. Rf8+ Ke5 35. Re7 Rg1+ 36. Ka2 Rg2 37. Kb1 g5 38. Rg7 d4 39. Rg6 Rd5 40. Re8 Rd6 41. Reg8 Kf5 42. R6g7 e5 0-1

[Event "World Junior U20 Girls 2018"]
[Site "Gebze"]
[Date "2018.09.13"]
[Round "9"]
[White "Anandpara Jayendra Saloni"]
[Black "Rousseau, Christilla"]
[Result "0-1"]
[ECO "D00"]
[WhiteElo "1326"]
[BlackElo "1677"]
[Annotator "NA"]
[PlyCount "99"]
[EventDate "2018.09.05"]
[EventType "swiss"]
[EventCountry "TUR"]
[SourceTitle "playchess.com"]
[Source "ChessBase"]
[SourceQuality "1"]
[TimeControl "40/5400+30:1800+30"]

1. d4 d5 2. Bf4 Nf6 3. e3 e6 4. c4 c5 5. Nc3 a6 6. Nf3 Nc6 7. Bg5 Be7 8. dxc5 Bxc5 9. cxd5 exd5 10. Nxd5 Qxd5 11. Bxf6 Qxd1+ 12. Rxd1 gxf6 13. a3 Be6 14. Be2 O-O 15. O-O Rad8 16. b4 Be7 17. Rc1 Rd6 18. h3 Rfd8 19. b5 axb5 20. Bxb5 Rc8 21. a4 Rdd8 22. Rb1 Ne5 23. Nd4 Bd7 24. f4 Ng6 25. Rfc1 Bxb5 26. Rxc8 Rxc8 27. Rxb5 Rc1+ 28. Kf2 Bc5 29. Rxb7 Bxd4 30. exd4 Rc4 31. f5 Nf8 32. a5 Rxd4 33. g4 Ra4 34. Rb6 Rxa5 35. Rxf6 Nd7 36. Rd6 Ne5 37. f6 h6 38. Kg3 Kh7 39. h4 Ra3+ 40. Kf4 Ng6+ 41. Kf5 Nxh4+ 42. Kf4 Ng6+ 43. Ke4 Ra4+ 44. Rd4 Rxd4+ 45. Kxd4 Nf8 46. Ke5 Kg6 47. Kf4 Kxf6 48. Kg3 Kg5 49. Kf3 Ng6 50. Kg3 0-1